[Event "*** Titled Tuesday 3|2 Blitz"]
[Site "Chess.com"]
[Date "2016.01.05"]
[Round "5"]
[White "nijat_a"]
[Black "Dlugy"]
[Result "1-0"]
[WhiteElo "2691"]
[BlackElo "2603"]
[TimeControl "180+2"]
[EndTime "12:01:09 PST"]
[Termination "nijat_a won by resignation"]

1. e4 c5 2. Nf3 d6 3. d4 cxd4 4. Nxd4 Nf6 5. Nc3 Nc6 6. Bg5 e6 7. Qd2 a6 8. O-O-O h6 9. Bh4 Nxe4 10. Qf4 Ng5 11. Qe3 Be7 12. f4 Nh7 13. Nxc6 bxc6 14.
Bxe7 Qxe7 15. Qd4 Nf6 16. Qxd6 Qxd6 17. Rxd6 Bd7 18. Na4 Ke7 19. Rd4 a5 20. Nc5 Rhb8 21. Be2 Rb4 22. Rhd1 Be8 23. Bf3 Nd5 24. a3 Rb5 25. Nd3 Rb6 26. Ne5 Rab8 27. Nc4 Ra6 28. f5 exf5 29. Bxd5 cxd5 30. Rxd5 g6 31. Rxa5 Rxa5 32.
Nxa5 f4 33. b4 g5 34. c4 f5 35. c5 Bb5 36. Kb2 g4 37. Kc3 f3 38. gxf3 gxf3 39. Nc4 Rg8 40. Ne3 Ke6 41. a4 Be2 42. Rd2 f4 43. Nd1 Rg1 44. Nf2 Rf1 45. c6 Rc1+ 46. Rc2 Rf1 47. Kd4 Ba6 48. b5 Bc8 49. Ke4 Ra1 50. b6 Rxa4+ 51. Kxf3 Rb4 52. b7 Bxb7 53. cxb7 Kf5 54. Rc5+ Ke6 55. Rc6+ Kf5 56. Rc5+ Ke6 57. Nd3 Rxb7 58. Nxf4+ Kf6 59. Rc6+ Kg7 60. h4 Rb1 61. Kg4 Rb5 62. Ne6+ Kh7 63. Rc7+ Kh8 64. Rd7 Re5 65. Nf4 Rb5 66. Nh5 Rb4+ 67.
Kf5 Rxh4 68. Nf6 1-0

[Event "*** Titled Tuesday 3|2 Blitz"]
[Site "Chess.com"]
[Date "2016.01.05"]
[Round "5"]
[White "kikydu96"]
[Black "jup1978"]
[Result "0-1"]
[WhiteElo "2224"]
[BlackElo "2226"]
[TimeControl "180+2"]
[EndTime "12:01:19 PST"]
[Termination "jup1978 won by resignation"]

1. e4 e6 2. d4 d5 3. Nc3 Bb4 4.
e5 c5 5. Bd2 Nc6 6. Nb5 Bxd2+ 7.
Qxd2 Nge7 8. Nd6+ Kf8 9. Qf4 Nf5 10. Nxf5 exf5 11. Nf3 Be6 12. Bd3 cxd4 13. Nxd4 Nxd4 14. Qxd4 Qb6 15. Qxb6 axb6 16. a3 Ke7 17. Kd2 Rhc8 18. Rae1 Ra5 19. c3 Rac5 20. Re3 Rd8 21. Rh3 h6 22. Rh4 g5 23. Rb4 Rc6 24. Bb5 Rc5 25. Ba4 Ra8 26. b3 b5 27. Bxb5 Rxa3 28. Rc1 Ra2+ 29.
Rc2 Rxc2+ 30. Kxc2 d4 31. c4 Rxe5 32. Kd3 Re4 33.
Ba4 Bc8 34. c5 Re5 35. Kxd4 Re2 36. c6 bxc6 37. Bxc6 Rxf2 38. Rb8 Be6 39. b4 Rd2+ 40. Kc5 Rc2+ 41. Kb6 Kd6 42. b5 f4 43. Rh8 g4 44.
Rxh6 Rc3 45. Rf6 Ke5 46. Rh6 f3 47. gxf3 gxf3 48. Rh5+ Kf4 49. Rh6 Kg5 50. Rh8 Rxc6+ 51. bxc6 f2 52. Rg8+ Kf6 53. c7 f1=Q 54. c8=Q Qb1+ 55.
Kc7 Bxc8 56. Kxc8 Qc2+ 57. Kd7 Qxh2 58. Rc8 Qh3+ 59. Kd8 Qxc8+ 60. Kxc8 Ke5 0-1

[Event "*** Titled Tuesday 3|2 Blitz"]
[Site "Chess.com"]
[Date "2016.01.05"]
[Round "5"]
[White "Krutoy123"]
[Black "HansCoolNiemann"]
[Result "1-0"]
[WhiteElo "2353"]
[BlackElo "2209"]
[TimeControl "180+2"]
[EndTime "12:01:27 PST"]
[Termination "Krutoy123 won by checkmate"]

1. Nf3 Nf6 2. g3 c5 3. Bg2 Nc6 4. O-O e5 5. d3 d5 6. Nbd2 Be7 7. e4 Be6 8. exd5 Nxd5 9. Re1 f6 10. c3 Bf7 11. d4 exd4 12. cxd4 cxd4 13. Nb3 O-O 14. Nbxd4 Ndb4 15. a3 Nd5 16. Nxc6 bxc6 17. Nd4 Qd7 18. Nxc6 Bc5 19. Na5 Rfe8 20. Bd2 Qf5 21. Qf3 Qc2 22.
Rec1 Qxd2 23. Rxc5 Re1+ 24. Rxe1 Qxe1+ 25. Bf1 Rd8 26. Qe2 Qb1 27. Nc6 Re8 28. Qd3 Qa2 29. Qc4 Nb6 30.
Qxa2 Bxa2 31. Nb4 Bf7 32. Kg2 Re1 33. Bb5 a5 34. Nd3 Rd1 35. Nf4 g5 36. Nd3 Bd5+ 37. f3 g4 38. Kf2 gxf3 39. Nf4 Be4 40. Ke3 Ba8 41. Rc7 Re1+ 42. Kf2 Rb1 43. Rc2 Be4 44. Rd2 Rh1 45. Ke3 Re1+ 46. Kd4 Bb7 47. Kc5 Nc8 48. Bc4+ Kf8 49. Ne6+ Ke7 50. Nf4 Re5+ 51. Kd4 Nd6 52. Bd3 Re1 53. Rf2 Re5 54. Bxh7 Kd7 55. Bd3 Ke7 56. h4 Ne4 57. Rxf3 Nd2 58. Ng6+ Kd6 59.
Rxf6+ Re6 60. Rxe6+ Kxe6 61. Nf4+ Kf7 62. Kc5 Nb3+ 63.
Kb6 Bc8 64. Bc4+ Kf6 65. Bxb3 Kf5 66. Be6+ Bxe6 67. Nxe6 Kxe6 68. Kxa5 Kf5 69. b4 Kg4 70. b5 Kxg3 71. h5 Kh4 72. h6 Kg5 73. h7 Kf4 74.
h8=Q Ke4 75. Qd8 Kf5 76. Qe7 Kf4 77. Qe6 Kf3 78. Qe5 Kg4 79. Qf6 Kg3 80. Qf5 Kh4 81. Qg6 Kh3 82. b6 Kh2 83. b7 Kh1 84. Qg7 Kh2 85.
b8=Q+ Kh3 86. Qbh8# 1-0

[Event "*** Titled Tuesday 3|2 Blitz"]
[Site "Chess.com"]
[Date "2016.01.05"]
[Round "5"]
[White "Tesla37"]
[Black "Frolyanov_D"]
[Result "1-0"]
[WhiteElo "2543"]
[BlackElo "2469"]
[TimeControl "180+2"]
[EndTime "12:01:34 PST"]
[Termination "Tesla37 won on time"]

1. e4 e5 2. Nf3 Nf6 3. d4 Nxe4 4.
Bd3 Nc6 5. dxe5 d5 6. exd6 Nxd6 7. O-O Be7 8. Bf4 O-O 9. Nc3 Be6 10. Re1 Bf6 11.
Ne5 Nxe5 12. Bxe5 Bxe5 13. Rxe5 Qf6 14. Qe2 Rad8 15. Re1 g6 16. h3 c6 17. Qe3 b6 18. Qh6 Nf5 19. Qf4 Qg7 20. Ne4 Rd5 21.
Ng5 Rxe5 22. Rxe5 Bc8 23. Bc4 Nd6 24. Bb3 h6 25. Re7 hxg5 26. Qxd6 g4 27. hxg4 Bxg4 28. Rxa7 Qh6 29. Qf6 Qc1+ 30. Kh2 Qh6+ 31. Kg3 Be6 32. Bxe6 fxe6 33. Qxe6+ Kh8 34. Qe5+ Kg8 35. Qe6+ Kh8 36.
Qh3 Qxh3+ 37. gxh3 Rd8 38. Rc7 c5 39. Rc6 Rd2 40. Rxg6 b5 41. Rb6 b4 42. a3 bxa3 43. bxa3 Rxc2 44. f3 Ra2 45. Rb3 Rc2 46. a4 Ra2 47.
Rc3 Rxa4 48. Rxc5 Kg7 49. f4 Kg6 50. Kg4 Ra1 51. Rc6+ Kg7 52. h4 Rb1 53. h5 Ra1 54.
Kg5 Rg1+ 55. Kf5 Ra1 56. Rb6 Ra2 57. Rg6+ Kf7 58. Kg5 Rg2+ 59. Kf5 Ra2 60. Rc6 Ra5+ 61. Kg4 Ra1 62. h6 Rb1 63. Kg5 1-0

[Event "*** Titled Tuesday 3|2 Blitz"]
[Site "Chess.com"]
[Date "2016.01.05"]
[Round "5"]
[White "swayamsm"]
[Black "Gergo85"]
[Result "1-0"]
[WhiteElo "2552"]
[BlackElo "2359"]
[TimeControl "180+2"]
[EndTime "12:01:56 PST"]
[Termination "swayamsm won by resignation"]

1. d4 d5 2. c4 dxc4 3. e3 e5 4. Bxc4 exd4 5. exd4 Bd6 6. Nf3 Nf6 7. O-O O-O 8. Nc3 Nc6 9. Bg5 h6 10. Bh4 Bg4 11. h3 Bxf3 12. Qxf3 g5 13. Bg3 Bxg3 14.
Qxg3 Qxd4 15. Bb5 Qd6 16. Qxd6 cxd6 17. Rad1 Rfd8 18. f4 g4 19. Rd3 gxh3 20. Rxh3 d5 21. Rxh6 Kg7 22. Rh3 d4 23. Ne2 a6 24. Bd3 Nb4 25.
a3 Nc6 26. Ng3 Rh8 27. Nf5+ Kg8 28. Rg3+ Kf8 29. Rc1 Rh5 30. Nd6 Nd8 31. Kf2 Nd5 32. Kf3 Rh4 33. Rg4 Rxg4 34. Kxg4 Ke7 35. Nf5+ Kf6 36.
Nxd4 Ne6 37. Nxe6 fxe6 38. Be4 Rd8 39. Kf3 Ne7 40. Bxb7 Rd2 41. Bxa6 Rxb2 42. Bc4 Nf5 43. g4 Nd4+ 44. Ke4 Ne2 45. g5+ Kg7 46. Bxe2 Rxe2+ 47. Kf3 Ra2 48. Rc3 Kg6 49. Re3 Kf7 50. Ke4 Rc2 51. Rf3 Rc4+ 52. Kd3 Ra4 53. Kc2 Kg6 54. Kb3 Re4 55. a4 e5 56. f5+ Kf7 57. f6 Rg4 58. Rf5 e4 59. Re5 e3 60. Rxe3 Rxg5 61. Rf3 Rg1 62.
a5 Rb1+ 63. Ka4 Ra1+ 64. Ra3 Rd1 65. a6 Kxf6 66. a7 Rd8 67. Kb5 Ra8 68. Kb6 Ke7 69.
Kb7 1-0

[Event "*** Titled Tuesday 3|2 Blitz"]
[Site "Chess.com"]
[Date "2016.01.05"]
[Round "5"]
[White "AsafGivon"]
[Black "DeviatkinAndrey"]
[Result "1/2-1/2"]
[WhiteElo "2278"]
[BlackElo "2483"]
[TimeControl "180+2"]
[EndTime "12:01:56 PST"]
[Termination "Game drawn by repetition"]

1. e4 c6 2. d4 d5 3. Nd2 h6 4. Ngf3 dxe4 5. Nxe4 Bf5 6. Bd3 e6 7.
O-O Nf6 8. Nxf6+ Qxf6 9. Bxf5 Qxf5 10. c3 Nd7 11. Qb3 Qb5 12. Re1 Bd6 13. Qxb5 cxb5 14.
d5 e5 15. Nd4 a6 16. Nf5 Bf8 17. f4 f6 18. fxe5 Nxe5 19. Bf4 O-O-O 20. Bxe5 fxe5 21. Rxe5 g6 22. Nh4 Bd6 23. Re6 Bc5+ 24. Kh1 Rxd5 25. Nxg6 Rhd8 26. h4 h5 27. Nf4 Rf5 28. g3 Rd2 29. Re2 Rxe2 30. Nxe2 Rf2 31. Re1 Kd7 32. b4 Be3 33. Nd4 Bxd4 34. cxd4 Rxa2 35. Re5 Rb2 36.
Rxh5 Rxb4 37. Rh7+ Ke6 38. Rxb7 Kf5 39. Kg2 Rxd4 40. Ra7 Rd6 41. Kh3 Rb6 42. g4+ Kg6 43. h5+ Kg5 44. Rg7+ Kh6 45. Rg8 Kh7 46. Rc8 b4 47. g5 b3 48. Rc7+ Kg8 49. Rc8+ Kg7 50. Rc7+ Kg8 51. Rc8+ Kg7 52. Rc7+ Kf8 53. h6 Kg8 54.
Rc8+ Kh7 55. Rc7+ Kh8 56. Rc8+ Kh7 57. Rc7+ Kh8 58. Rc8+ Kh7 59. Rc7+ Kg8 60. Rc8+ Kh7 61. Rc7+ Kh8 62. Rc8+ Kh7 1/2-1/2

[Event "*** Titled Tuesday 3|2 Blitz"]
[Site "Chess.com"]
[Date "2016.01.05"]
[Round "5"]
[White "ruifeng"]
[Black "KNVB"]
[Result "0-1"]
[WhiteElo "2245"]
[BlackElo "2406"]
[TimeControl "180+2"]
[EndTime "12:02:06 PST"]
[Termination "KNVB won by resignation"]

1. e4 b6 2. d4 Bb7 3. Bd3 Nf6 4. Qe2 e6 5. Nf3 d5 6. e5 Ne4 7. Nbd2 Nxd2 8. Bxd2 c5 9. c3 Qc8 10. O-O Ba6 11. Bxa6 Qxa6 12. Qe3 Nc6 13. b3 Be7 14. Ng5 cxd4 15. cxd4 Bxg5 16. Qxg5 O-O 17. Be3 Rac8 18. h4 Qd3 19. h5 h6 20. Qg4 Qe4 21. Qxe4 dxe4 22.
Rfc1 Nb4 23. Rc4 Nd3 24. Rd1 b5 25. Rxc8 Rxc8 26. f3 Nb4 27. fxe4 Nxa2 28. d5 Nc3 29. Rd3 Nxe4 30. d6 Rd8 31. Bxa7 Rd7 32. Bb8 f6 33. exf6 Nxf6 34. Rc3 Nd5 35. Rc5 b4 36. Kf2 Kf7 37. Kf3 Kf6 38. Bc7 Kg5 39. g4 Kf6 40. Ke4 Nc3+ 41. Kd4 Nd5 42. Rxd5 exd5 43.
Kxd5 Rf7 44. Ba5 Rd7 45. Bxb4 Rb7 46. Kc4 Ke6 47. Bc5 g6 48. hxg6 Rg7 49. b4 Rxg6 50.
b5 Rxg4+ 51. Kc3 Kd7 52. Kd3 h5 53. Ke3 h4 54. Kf3 Rg8 55. Be3 Kxd6 56. Bf4+ Kc5 57. Be5 Kxb5 58. Bd6 Kc6 59. Bf4 Kd5 60. Bc7 Ke6 61.
Kf2 Kf5 62. Kf3 Rc8 63. Bd6 Rg8 64. Bc7 Rg6 65. Bb8 Rb6 66. Bc7 Rb2 67. Bd6 h3 0-1

[Event "*** Titled Tuesday 3|2 Blitz"]
[Site "Chess.com"]
[Date "2016.01.05"]
[Round "5"]
[White "VSERGUEI"]
[Black "aspired"]
[Result "1-0"]
[WhiteElo "2443"]
[BlackElo "2368"]
[TimeControl "180+2"]
[EndTime "12:02:17 PST"]
[Termination "VSERGUEI won by resignation"]

1. d4 f5 2. Nc3 d5 3. Bg5 Be6 4.
e3 Nd7 5. Nge2 Ngf6 6. Nf4 Bf7 7.
Bd3 g6 8. h4 c6 9. h5 Bg7 10. h6 Bf8 11. Qd2 e5 12. dxe5 Nxe5 13. O-O-O Be7 14. Kb1 Nxd3 15. cxd3 Qd6 16. Rc1 O-O 17.
d4 Nd7 18. Bxe7 Qxe7 19. Nd3 Rfc8 20. f4 Nf6 21. Ne5 Be6 22. Qf2 Ne4 23. Qh4 Qxh4 24. Rxh4 Nxc3+ 25. Rxc3 Kf8 26. Kc2 Ke7 27. Kd3 Kd6 28.
Rh1 a5 29. Rhc1 Ra7 30. Ke2 Raa8 31. Kf3 Rc7 32. Kg3 Ke7 33. Kh4 Kf6 34. b3 Rg8 35. g3 g5+ 36. Kh3 g4+ 37. Kg2 Ke7 38. Kf2 Kd6 39.
Ke2 Rf8 40. Kd3 Rcc8 41. Rc5 Ra8 42. a3 Rf6 43. Rh1 Bd7 44. Rh5 Be8 45. Rg5 b6 46. Rc1 c5 47. Rg7 Rxh6 48. Rb7 Ra6 49. Rxb6+ Rxb6 50. dxc5+ Ke7 51. cxb6 Rxb6 52. Rc3 h5 53. Kd4 Kd6 54. Rc8 Bd7 55. Rd8 Rb7 56. Nxd7 Rxd7 57. Rh8 Rb7 58. Rh6+ Kd7 59. Rxh5 Rxb3 60. Rxf5 Rxa3 61. Rxd5+ Ke6 62. Rg5 Ra4+ 63. Kc5 Re4 64. Rxg4 Rxe3 65. Rg6+ Kf5 66. Rg5+ Kf6 67. Kd4 Ra3 68. Ke4 a4 69. g4 Ra1 70. Ra5 a3 71.
Ra6+ Kg7 72. Kf5 Kf7 73. g5 Kg7 74. Ra7+ Kg8 75. Kg6 Kf8 76. f5 Ke8 77. f6 Kd8 78. f7 Rf1 79. Rxa3 1-0

[Event "*** Titled Tuesday 3|2 Blitz"]
[Site "Chess.com"]
[Date "2016.01.05"]
[Round "5"]
[White "LyonBeast"]
[Black "GeorgMeier"]
[Result "1-0"]
[WhiteElo "2790"]
[BlackElo "2682"]
[TimeControl "180+2"]
[EndTime "12:02:22 PST"]
[Termination "LyonBeast won on time"]

1. d4 Nf6 2. c4 e6 3. Nc3 Bb4 4. e3 O-O 5. Bd3 c5 6. Ne2 cxd4 7. exd4 d5 8. cxd5 Nxd5 9. O-O Nc6 10. Nxd5 exd5 11.
Nf4 Re8 12. Be3 Bd6 13. Qh5 g6 14. Qf3 Nb4 15. Bb5 Bd7 16. Bxd7 Qxd7 17. a3 Bxf4 18. Bxf4 Nc6 19. Rad1 Re4 20. Be3 Rae8 21. h3 Kg7 22. Qg3 h5 23. Bd2 Qf5 24. Bc3 Re2 25. f3 Rc2 26.
Rde1 Ree2 27. Rxe2 Rxe2 28. h4 Qe6 29. Rf2 Qe3 30.
Kf1 Rxf2+ 31. Qxf2 Qxf2+ 32. Kxf2 Kf6 33. g4 Nd8 34.
Kg3 Ne6 35. Bd2 Ke7 36. Be3 Kd7 37. a4 Kc6 38. Kf2 b5 39. b3 Kb6 40. Bd2 bxa4 41. bxa4 Nxd4 42. Be3 Kc5 43. gxh5 gxh5 44. Kg3 Kc4 45.
Kf4 Ne2+ 46. Kg5 d4 47. Bd2 Ng3 48. Be1 Ne2 49. Kxh5 Kd5 50. Kg5 Ke6 51. Bd2 Ng1 52. Kf4 f5 53. Kg3 Ne2+ 54. Kf2 Nc3 55. a5 Nd5 56. Ke2 1-0

[Event "*** Titled Tuesday 3|2 Blitz"]
[Site "Chess.com"]
[Date "2016.01.05"]
[Round "5"]
[White "yurisolo"]
[Black "Matibar"]
[Result "1/2-1/2"]
[WhiteElo "2461"]
[BlackElo "2412"]
[TimeControl "180+2"]
[EndTime "12:02:22 PST"]
[Termination "Game drawn by agreement"]

1. e4 e5 2. Nf3 Nc6 3. Bb5 a6 4. Ba4 Nf6 5. O-O Be7 6. Re1 b5 7. Bb3 d6 8. c3 O-O 9. h3 Nb8 10. d4 Nbd7 11. Nbd2 Bb7 12. Bc2 c5 13. d5 c4 14. Nf1 Re8 15. Ng3 Bf8 16. Nf5 Nc5 17.
Bg5 Bc8 18. g4 Kh8 19. b4 cxb3 20. axb3 g6 21. Nh6 Bxh6 22. Bxh6 Ng8 23. Be3 Qc7 24.
b4 Nd7 25. Qd2 Nb6 26. Bd3 Nc4 27. Bxc4 Qxc4 28. Ra3 f6 29. Qa2 Qc7 30. Nd2 f5 31. f3 h5 32. c4 fxg4 33. hxg4 hxg4 34. Bg5 Rf8 35. Rf1 Kg7 36. cxb5 Qb6+ 37. Kg2 Qxb5 38. Qc4 Bd7 39. Qxb5 Bxb5 40. Rc1 gxf3+ 41. Nxf3 Ra7 42. Rac3 Raf7 43. Rc7 Nf6 44. Bxf6+ Kxf6 45. R1c3 g5 46. Rxf7+ Rxf7 47. Kg3 Bd7 48. Rc7 Kg6 49. Rb7 Bb5 50.
Rxf7 Kxf7 51. Nxg5+ Kf6 52. Nf3 Bd3 53. Nd2 Kg5 54.
Kf3 Kf6 55. Ke3 Bb5 56. Nb1 Ke7 57. Nc3 Bc4 58. Kf3 Kd7 59. Kg4 Ke7 60. Kf5 Bf1 61.
Kg4 Kf6 62. Kf3 Kg5 63. Ke3 Kf6 64. Nb1 Ke7 65. Nd2 Bb5 66. Nf3 Kd7 67. Nh4 Kc7 68. Nf5 Bd7 69. Ng3 Kb6 70. Kd3 Bb5+ 71. Kc3 Kc7 72.
Nf5 Kd7 73. Kd2 1/2-1/2

[Event "*** Titled Tuesday 3|2 Blitz"]
[Site "Chess.com"]
[Date "2016.01.05"]
[Round "5"]
[White "Keranke"]
[Black "Colombiano07"]
[Result "1/2-1/2"]
[WhiteElo "2605"]
[BlackElo "2166"]
[TimeControl "180+2"]
[EndTime "12:02:24 PST"]
[Termination "Game drawn by repetition"]

1. d4 Nf6 2. c4 d6 3. Nf3 Nbd7 4. g3 e5 5. Bg2 Be7 6. O-O O-O 7. Nc3 c6 8. e4 Qc7 9. h3 a6 10. Be3 Re8 11. Qc2 b5 12. c5 dxc5 13. dxe5 Nxe5 14.
Nxe5 Qxe5 15. f4 Qe6 16. Rad1 Bb7 17. f5 Qc8 18. e5 Nd5 19. Nxd5 cxd5 20. Bxd5 Bxd5 21.
Rxd5 c4 22. Qe4 Bf8 23. Rfd1 Qc6 24. Qg4 c3 25. bxc3 Qxc3 26. Qe4 Rac8 27. Bf4 Rc4 28. Qd3 Qb2 29. Rd2 Qa1+ 30. Kg2 Rc1 31. Rf2 Rg1+ 32. Kf3 h5 33. Rd7 Rxe5 34. Bxe5 Qxe5 35.
Rg2 Re1 36. Rd5 Rf1+ 37. Rf2 Rxf2+ 38. Kxf2 Qb2+ 39. Qd2 Qb1 40. Kg2 Qe4+ 41. Kh2 h4 42. gxh4 Be7 43. Qd3 Qxh4 44. Qe3 Bg5 45. Qf3 Bf4+ 46.
Kg2 Qg5+ 47. Kh1 Qh4 48. Rd1 Bg3 49. Kg2 Be5 50. Qg4 Qe7 51. Re1 Qb7+ 52. Qf3 Qc7 53. Re2 f6 54. Qa8+ Kh7 55. Qxa6 Qc4 56. Rf2 Qe4+ 57.
Kf1 Qb1+ 58. Kg2 Qe4+ 59. Kf1 Qh1+ 60. Ke2 Qe4+ 61. Kf1 1/2-1/2

[Event "*** Titled Tuesday 3|2 Blitz"]
[Site "Chess.com"]
[Date "2016.01.05"]
[Round "5"]
[White "Cats4Sale"]
[Black "oggy1984"]
[Result "1-0"]
[WhiteElo "2227"]
[BlackElo "2169"]
[TimeControl "180+2"]
[EndTime "12:02:28 PST"]
[Termination "Cats4Sale won by resignation"]

1. e4 e6 2. d4 d5 3. Nd2 Nf6 4. e5 Nfd7 5. Bd3 c5 6. c3 Nc6 7. Ne2 Be7 8. O-O O-O 9. f4 cxd4 10. cxd4 Qb6 11. Nf3 f5 12. b3 Qd8 13. Bb2 Kh8 14.
Rc1 Rg8 15. a3 a5 16. h3 Nb6 17. a4 Bd7 18. Kh2 Be8 19. g4 Bg6 20. Ng3 Bh4 21. Nxh4 Qxh4 22. gxf5 exf5 23. Nxf5 Bxf5 24. Bxf5 Rgf8 25.
Qg4 Qh6 26. Bb1 Nc8 27. Qg5 Qxg5 28. fxg5 N8e7 29. Kg2 Kg8 30. Rxf8+ Rxf8 31. Rf1 Rc8 32. Rc1 Rf8 33. Rf1 Rc8 34. Rc1 Rf8 35. Ba3 Rf4 36. Bxe7 Nxe7 37. Rc7 Nc6 38. e6 Kf8 39. Rxb7 Rxd4 40.
Bxh7 Rd2+ 41. Kf1 Rd1+ 42. Ke2 Rh1 43. Bf5 Rh2+ 44. Ke3 Rh1 45. Kf4 Re1 46. Rf7+ Kg8 47. Rc7 Nd4 48. Bg4 Kf8 49. Ra7 g6 50. Rxa5 Nxe6+ 51. Bxe6 Rxe6 52. Rxd5 Rb6 53. Rb5 Rc6 54. a5 Kf7 55. Rb6 Rc5 56. b4 Rf5+ 57. Kg4 Rd5 58. a6 Rd4+ 59. Kf3 Rd3+ 60. Ke4 Ra3 61. b5 Ra1 62.
Rb7+ Ke6 63. a7 Ra4+ 64. Kd3 Kd5 65. b6 Ra3+ 66. Kc2 Kc4 67. Rc7+ Kb5 68. b7 1-0

[Event "*** Titled Tuesday 3|2 Blitz"]
[Site "Chess.com"]
[Date "2016.01.05"]
[Round "5"]
[White "nonsopolo1"]
[Black "BIG_Pirate"]
[Result "0-1"]
[WhiteElo "2057"]
[BlackElo "2200"]
[TimeControl "180+2"]
[EndTime "12:02:40 PST"]
[Termination "BIG_Pirate won on time"]

1. e4 d5 2. exd5 Qxd5 3. Nc3 Qa5 4. d4 Nf6 5. Nf3 Bg4 6. h3 Bh5 7. g4 Bg6 8. Ne5 e6 9. Nc4 Qa6 10. Bf4 Qc6 11. Rg1 Bb4 12. Bd2 Bxc3 13. Bxc3 Ne4 14. Bb4 Na6 15. Ba3 O-O-O 16. c3 Ng5 17. Ne5 Qe4+ 18.
Qe2 Qxe2+ 19. Kxe2 f6 20. Nc4 c5 21. dxc5 Bd3+ 22.
Ke3 Bxc4 23. Bxc4 Nxh3 24. Bxe6+ Kb8 25. Rge1 Rhe8 26. f4 Rxe6+ 27. Kf3 Rd3+ 28. Kg2 Nxf4+ 29. Kf2 Kc7 30. c6 bxc6 31. Rxe6 Nxe6 32. Re1 Kd7 33. Re4 Nac7 34. Ra4 a6 35. Rb4 Nb5 36. Ke2 Rh3 37. Rb3 Nxa3 38. Rxa3 Rh2+ 39. Ke3 Rxb2 40. Rxa6 Nc5 41. Ra7+ Rb7 42. Ra5 Kd6 43. Ra8 Kd5 44.
a4 Kc4 45. a5 Re7+ 46. Kf3 Kb5 47. c4+ Kxc4 48. a6 Nd3 49. a7 c5 50. Kg3 Kc3 51.
Kf3 c4 52. Kg3 Ne5 53. Kf4 Kc2 54. Ke3 c3 55. Ke2 Nc6+ 56. Kf3 Nxa7 57. Rb8 Nc6 0-1

[Event "*** Titled Tuesday 3|2 Blitz"]
[Site "Chess.com"]
[Date "2016.01.05"]
[Round "5"]
[White "Jahonas"]
[Black "pedromartinez91"]
[Result "0-1"]
[WhiteElo "2109"]
[BlackElo "2064"]
[TimeControl "180+2"]
[EndTime "12:02:56 PST"]
[Termination "pedromartinez91 won on time"]

1. d4 d5 2. Nf3 Nf6 3. c3 c5 4. Bf4 Nc6 5. e3 e6 6. Nbd2 Bd6 7. Bxd6 Qxd6 8. Be2 O-O 9. O-O e5 10. dxe5 Nxe5 11. Nc4 Nxc4 12. Bxc4 Bg4 13. Be2 Rfd8 14. h3 Bh5 15. Qb3 Qc7 16. Rad1 Rd6 17. c4 Rad8 18.
cxd5 Nxd5 19. a3 a6 20. Qc2 b5 21. Rc1 c4 22. Nd4 Bg6 23. Nf5 Rf6 24. e4 Nf4 25. Rcd1 Re8 26. Bf3 Bxf5 27. exf5 Rd6 28. Rxd6 Qxd6 29. Rd1 Nd3 30. Be2 h6 31. g3 Rd8 32. Bxd3 cxd3 33. Qc3 Qd4 34. Qxd4 Rxd4 35. Rd2 Kf8 36. Kg2 Ke7 37. Kf3 Rd5 38. g4 Kd6 39.
Ke4 Re5+ 40. Kxd3 Kc5 41. f4 Re1 42. Re2 Rh1 43. Re3 a5 44. Ke4 f6 45. Rc3+ Kd6 46. Kd4 Rd1+ 47. Rd3 Rh1 48. b3 a4 49. bxa4 bxa4 50.
Kc4+ Kc6 51. Kb4 Rf1 52. Rc3+ Kd5 53. Rc5+ Kd6 54. Rc4 Kd5 55. Rc7 Rxf4+ 56. Kb5 Rf3 57. Kxa4 Rxh3 58. Rxg7 Rh4 59. Kb5 Ke5 60. a4 h5 61.
gxh5 Rxh5 62. a5 Rh1 63. Rg4 Kxf5 64. Ra4 Ke5 65. a6 Rh8 66. Kc6 f5 67. a7 f4 68.
Kc5 Rc8+ 0-1

[Event "*** Titled Tuesday 3|2 Blitz"]
[Site "Chess.com"]
[Date "2016.01.05"]
[Round "5"]
[White "ChessSkool"]
[Black "AlexanderL"]
[Result "0-1"]
[WhiteElo "2203"]
[BlackElo "2552"]
[TimeControl "180+2"]
[EndTime "12:03:57 PST"]
[Termination "AlexanderL won by resignation"]

1. d4 d5 2. c4 c6 3. Nf3 Nf6 4. g3 g6 5. Bg2 Bg7 6. cxd5 cxd5 7. Nc3 O-O 8. Ne5 e6 9. O-O Nfd7 10. Nf3 Nc6 11. b3 b6 12. Ba3 Re8 13. Rc1 Bb7 14. Nb5 Bf8 15. Bxf8 Nxf8 16. Ne5 a6 17. Nxc6 Bxc6 18.
Rxc6 axb5 19. Qd2 Nd7 20. Rfc1 Ra7 21. e3 Qa8 22. R6c2 Nf6 23. f3 Ra3 24. Bf1 Qa5 25.
Qxa5 Rxa5 26. Rc8 Rxc8 27. Rxc8+ Kg7 28. Rc2 b4 29. Kf2 Ne8 30. Ke1 Nd6 31. Kd2 Kf6 32. Bd3 Ke7 33. Kc1 Kd7 34. Kb2 Ra8 35. e4 Ra5 36. e5 Nf5 37. Bxf5 gxf5 38. Kc1 Ra8 39.
Kd2 f4 40. Ke2 Rg8 41. Kf2 h5 42. Kg2 fxg3 43. hxg3 Rf8 44. Kh3 Rh8 45. Kh4 Rh7 46. Rg2 Ke7 47. Kg5 h4 48. Kg4 hxg3 49. Rxg3 Rh2 50.
Rh3 Rxa2 51. f4 Rg2+ 52. Kf3 Rd2 53. Ke3 Rb2 54. Rh8 Rxb3+ 55. Ke2 Rc3 56. Rb8 Rc6 57. Ra8 b3 58. Ra3 Rc3 59. Ra4 Rc4 60. Ra7+ Kd8 61. Ra6 Rb4 62. Ra1 Rxd4 63. Rb1 Rxf4 64. Rxb3 Re4+ 65. Kf3 Rxe5 66. Rxb6 Ke7 67. Rb7+ Kf6 68.
Rb8 Re4 69. Rf8 Ra4 70. Rh8 Kg6 71. Rg8+ Kf5 72. Rh8 Ra3+ 73. Ke2 e5 74. Rh5+ Ke6 75. Rh8 d4 76. Re8+ Kf5 77. Kf2 f6 78. Rh8 Kg5 79. Rg8+ Kf4 80. Ke2 e4 81. Rd8 Ra2+ 82. Kf1 d3 83.
Rd6 f5 84. Rh6 Kg4 85. Ke1 f4 86. Kf1 e3 87. Kg1 Kg3 88. Rg6+ Kf3 89. Kh1 d2 90. Rg1 e2 91. Kh2 Ke4 0-1

[Event "*** Titled Tuesday 3|2 Blitz"]
[Site "Chess.com"]
[Date "2016.01.05"]
[Round "6"]
[White "saraswathii"]
[Black "DaPazz"]
[Result "1/2-1/2"]
[WhiteElo "1864"]
[BlackElo "1867"]
[TimeControl "180+2"]
[EndTime "12:07:11 PST"]
[Termination "Game drawn by agreement"]

1. e4 e5 2. d3 d5 3. exd5 Nf6 4.
c4 c6 5. dxc6 Bc5 6. cxb7 Bxb7 7. Be2 Bxg2 8. Bf3 Bxf3 9. Qxf3 Nbd7 10. Nc3 O-O 11. Nge2 e4 1/2-1/2

[Event "*** Titled Tuesday 3|2 Blitz"]
[Site "Chess.com"]
[Date "2016.01.05"]
[Round "6"]
[White "nfds"]
[Black "northridgehawk"]
[Result "1-0"]
[WhiteElo "2332"]
[BlackElo "1781"]
[TimeControl "180+2"]
[EndTime "12:07:14 PST"]
[Termination "nfds won by resignation"]

1. d4 Nf6 2. Nf3 g6 3. g3 Bg7 4. Bg2 O-O 5. O-O d5 6. c4 dxc4 7. Nc3 Be6 8. e4 c5 9. d5 Bd7 10. a4 Na6 11. Nd2 Ne8 12. Nxc4 Nd6 13. Qe2 Nb4 14.
Bf4 Re8 15. Bxd6 exd6 16. Nxd6 Re7 17. Nc4 Bxc3 18. bxc3 Nxd5 19. Qd2 Nc7 20. Rad1 Re8 21. Qxd7 Qb8 22. Nd6 Rf8 23. Rb1 1-0

[Event "*** Titled Tuesday 3|2 Blitz"]
[Site "Chess.com"]
[Date "2016.01.05"]
[Round "6"]
[White "GargleBlaster"]
[Black "Grootneus"]
[Result "1-0"]
[WhiteElo "2272"]
[BlackElo "2013"]
[TimeControl "180+2"]
[EndTime "12:08:30 PST"]
[Termination "GargleBlaster won by checkmate"]

1. e4 c5 2. Nc3 a6 3. g3 b5 4. Bg2 Bb7 5. Nge2 e6 6. d4 cxd4 7. Nxd4 Nf6 8. O-O b4 9. Nd5 exd5 10. exd5 Bxd5 11. Re1+ Be7 12. Nf5 Bxg2 13. Rxe7+ Kf8 14. Qd6 Kg8 15. Bg5 Ne4 16. Rxe4 Qxg5 17. Re8# 1-0

[Event "*** Titled Tuesday 3|2 Blitz"]
[Site "Chess.com"]
[Date "2016.01.05"]
[Round "6"]
[White "AvitalBor"]
[Black "GMCanty"]
[Result "1-0"]
[WhiteElo "2340"]
[BlackElo "2214"]
[TimeControl "180+2"]
[EndTime "12:08:46 PST"]
[Termination "AvitalBor won by resignation"]

1. b3 c5 2. Bb2 d6 3. f4 Nc6 4.
Nf3 Qc7 5. e4 e5 6. fxe5 dxe5 7.
Bc4 Bg4 8. O-O O-O-O 9. Qe1 Nh6 10.
d3 Bd6 11. Nc3 a6 12. Nd5 Qb8 13. a4 Be6 14. Qg3 Rhg8 15. a5 Nd4 16. Bxd4 exd4 17. Nb6+ Kc7 18. e5 Be7 19. Bxe6 fxe6 20. Ra4 Nf5 21.
Qf2 g5 22. g4 Ne3 23. Nxd4 Rxd4 24. Qxe3 Rxg4+ 25. Rxg4 1-0

[Event "*** Titled Tuesday 3|2 Blitz"]
[Site "Chess.com"]
[Date "2016.01.05"]
[Round "6"]
[White "cool64chess"]
[Black "MapleDanish"]
[Result "1/2-1/2"]
[WhiteElo "2224"]
[BlackElo "2075"]
[TimeControl "180+2"]
[EndTime "12:09:19 PST"]
[Termination "Game drawn by agreement"]

1. d4 d5 2. c4 e6 3. Nc3 Be7 4. Nf3 Nf6 5. Bg5 O-O 6. e3 h6 7.
Bh4 Ne4 8. Bxe7 Qxe7 9. Bd3 Nxc3 10. bxc3 c5 11. O-O Nc6 12. e4 cxd4 13. cxd4 dxe4 14.
Bxe4 Bd7 15. Rb1 Rab8 16. Qe2 Rfd8 17. Rfe1 Qf6 18. Rbd1 Ne7 19. Ne5 Ba4 20. Rd3 Nc6 21. Bxc6 Bxc6 22. d5 exd5 23. Rf3 Qe6 24. Nxf7 Qxe2 25.
Rxe2 dxc4 26. Nxd8 Bxf3 27. Re8+ Kh7 28. gxf3 c3 29. Re3 Rxd8 30. Rxc3 Rd2 31. Rc7 Rxa2 32. Rxb7 a5 1/2-1/2

[Event "*** Titled Tuesday 3|2 Blitz"]
[Site "Chess.com"]
[Date "2016.01.05"]
[Round "6"]
[White "AlexanderL"]
[Black "nijat_a"]
[Result "0-1"]
[WhiteElo "2544"]
[BlackElo "2708"]
[TimeControl "180+2"]
[EndTime "12:09:22 PST"]
[Termination "nijat_a won by checkmate"]

1. d4 Nf6 2. c4 e6 3. Nc3 Bb4 4.
Qc2 d5 5. a3 Bxc3+ 6. Qxc3 O-O 7.
Nf3 Ne4 8. Qc2 c5 9. dxc5 Nc6 10. b4 a5 11. b5 Ne7 12. cxd5 exd5 13. e3 Bf5 14. Nd4 Rc8 15. Nxf5 Nxf5 16. Bd3 Rxc5 17.
Qe2 Qh4 18. O-O Nc3 19. Qf3 Nd6 20. Qg3 Qxg3 21. hxg3 Ndxb5 22. a4 Nd6 23. Ba3 Rc6 24. Bb5 Ndxb5 25. axb5 Ne2+ 26. Kh2 Rh6# 0-1